 Dungeon Crawl Stone Soup version 0.31.0-11-ge490571c62 (webtiles) character file.

Game seed: 4375629730046372783

870 qw the Skirmisher (level 7, -2/35 HPs)
             Began as a Spriggan Hunter on Feb 4, 2024.
             Incinerated by a bombardier beetle (4 damage)
             ... with a burning spray
             ... on level 4 of the Dungeon.
             The game lasted 00:00:19 (3463 turns).

qw the Skirmisher (Spriggan Hunter)                 Turns: 3463, Time: 00:00:20

Health: -2/35      AC:  8    Str:  9    XL:     7   Next: 73%
Magic:  0/8        EV: 22    Int: 11    God:
Gold:   186        SH:  0    Dex: 20    Spells: 6/6 levels left

rFire   . . .        a - +1 shortbow (drain)
rCold   . . .        (shield currently unavailable)
rNeg    + + .        l - +2 robe of Atutung {rElec rF- rN++ Str+2}
rPois   +            (helmet restricted)
rElec   +            (no cloak)
rCorr   .            (gloves unavailable)
SInv    +            (boots unavailable)
Will    +....        i - amulet "Logeil" {Spirit rElec rF+ Stlth+}
Stlth   ++           e - ring of Liast {rPois Slay+4}
HPRegen 0.25/turn    m - +4 ring of protection
MPRegen 0.11/turn

%: guardian spirit
@: on fire, glowing, very quick
A: very small, no large weapons, unfitting armour, see invisible, speed 3
a: no special abilities


You were on level 4 of the Dungeon.
You visited 1 branch of the dungeon, and saw 4 of its levels.
You also visited: Sewer.

You collected 186 gold pieces.


Innate Abilities, Weirdness & Mutations

You are very small and have problems with some larger weapons.
You are too small for most types of armour.
You have supernaturally acute eyesight. (SInv)
You cover ground extremely quickly. (Speed+++)


   Skills:
 + Level 2.4 Fighting
 - Level 8.0 Ranged Weapons
 - Level 7.0 Dodging
 - Level 1.5 Stealth


You had 6 spell levels left.
You didn't know any spells.
Your spell library was empty.

Inventory:

Hand Weapons
 a - a +1 shortbow of draining (weapon)
Armour
 c - a +0 robe
 l - the +2 robe of Atutung (worn) {rElec rF- rN++ Str+2}
   (You found it on level 3 of the Dungeon)

   Str+2:     It affects your strength (+2).
   rF-:       It makes you vulnerable to fire.
   rElec:     It insulates you from electricity.
   rN++:      It greatly protects you from negative energy.
Jewellery
 e - the ring of Liast (left hand) {rPois Slay+4}
   (You acquired it on level 1 of the Dungeon)

   [ring of slaying]

   Slay+4:    It affects your accuracy & damage with ranged weapons and melee
   (+4).
   rPois:     It protects you from poison
 i - the amulet "Logeil" (around neck) {Spirit rElec rF+ Stlth+}
   (You found it in a sewer)

   [amulet of guardian spirit]

   Spirit:    It causes incoming damage to be divided between your reserves of
   health and magic.
   rF+:       It protects you from fire.
   rElec:     It insulates you from electricity.
   Stlth+:    It makes you more stealthy.
 m - a +4 ring of protection (right hand)
Wands
 n - a wand of flame (12)
Scrolls
 k - a scroll of teleportation
Potions
 b - a potion of berserk rage {unknown}
 d - a potion of mutation
 f - a potion of cancellation
 g - a potion of heal wounds
 h - 3 potions of curing
 j - 2 potions of enlightenment

Dungeon Overview and Level Annotations

Branches:
Dungeon (4/15)             Temple (0/1) D:4           Sewer (visited)

Altars:
Ashenzari
Ru
Wu Jian
Xom

Shops:
D:1 *   D:2 [

Annotations:
D:2 1 runed translucent door, Crazy Yiuf


Message History

Found a staircase to the Ecumenical Temple.
Found 7 gold pieces.
A bombardier beetle comes into view.
Found a dagger.
You shoot an arrow. The arrow hits the bombardier beetle.
The bombardier beetle is lightly wounded.
The bombardier beetle sprays incendiary fluid at you.
The burning spray hits you.
You are covered in liquid fire!
You shoot an arrow. The arrow hits the bombardier beetle.
You drain the bombardier beetle.
The bombardier beetle is severely wounded.
The liquid fire burns you!
The bombardier beetle sprays incendiary fluid at you.
The burning spray hits you.
You are even more covered in liquid fire!
You shoot an arrow. The arrow hits the bombardier beetle.
You kill the bombardier beetle!
The liquid fire burns you!
You are on fire!
The liquid fire burns you!
You are on fire!
The liquid fire burns you!
You are on fire!
The liquid fire burns you!
You are on fire!
The liquid fire burns you!
You are on fire!
The liquid fire burns you!
You are on fire!
The liquid fire burns you!
You are on fire!
The liquid fire burns you!
You are on fire!
The liquid fire burns you!
You are on fire!
The liquid fire burns you!
You are on fire!
The liquid fire burns you!
You die...

*,* *,**,*,,**,,<,,,,,,* *,*
*,,,..,,**,,******,* *,*
***#.#,***,,* *,* *,* #.#,* *,,*
**,* *,* #####.#,# *,,* *,,*
#######.* #$.)..#.###.,*****,,*
........* #.>...#.....,,,,**,,*
.#######*####$.:#.......,**,**,,*
## *,,,,,.......@.#*****,**,**,,*
# *,****########.# *,**,**,,*
####,* #.# *,,,,,,,,* .....* #.#
*,*****,** #####* #.# *,* *,* #.#
*,* *,* #.# *,* *,* #.# *,*****,*
#.# *,,,,,,,*


There were no monsters in sight!

Vanquished Creatures
  Menkaure (D:4)
  2 bullfrogs (Sewer)
  A scorpion (D:4)
  4 crimson imps (D:4)
  A bombardier beetle (D:4)
  An orc priest (D:4)
  A sleepcap (D:4)
  Natasha (thrice) (D:2)
  A river rat (D:3)
  6 adders
  17 dart slugs
  3 ribbon worms
  8 orcs
  21 ball pythons
  9 bats
  15 endoplasms
  15 giant cockroaches
  9 goblins
  8 hobgoblins
  7 kobolds
  2 quokkas
  13 frilled lizards
  7 rats
155 creatures vanquished.

Notes
Turn   | Place    | Note
-------+----------+-------------------------------------------
     0 | D:1      | qw the Spriggan Hunter began the quest for the Orb.
     0 | D:1      | Reached XP level 1. HP: 10/10 MP: 2/2
     0 | D:1      | 0 ||| qw: Version: 0.3-a-160-g6735b56
     0 | D:1      | 0 ||| qw: Game counter: 4708
     0 | D:1      | 0 ||| qw: Melee chars always use a shield: true
     0 | D:1      | 0 ||| qw: God list: Okawaru
     0 | D:1      | 0 ||| qw: Allow faded altars: false
     0 | D:1      | 0 ||| qw: Do Orc after clearing Dungeon:15 true
     0 | D:1      | 0 ||| qw: Do second Lair branch before Depths: true
     0 | D:1      | 0 ||| qw: Lair rune preference: random
     0 | D:1      | 0 ||| qw: Goals: Normal
     0 | D:1      | 0 ||| PLANNING D:1-11
    97 | D:1      | Reached skill level 3 in Dodging
   142 | D:1      | Reached XP level 2. HP: 14/14 MP: 3/3
   456 | D:1      | Found a faded altar of an unknown god.
   526 | D:1      | Found Eklytias's General Store.
   619 | D:1      | 619 ||| READING scroll labelled NESMAI ASUTEN.
   619 | D:1      | Identified a scroll of acquirement
   619 | D:1      | 619 ||| ACQUIRING ring of Liast {rPois Slay+4}
   619 | D:1      | Acquired the ring of Liast {rPois Slay+4}
   621 | D:1      | 621 ||| UPGRADING to ring of Liast {rPois Slay+4}.
   622 | D:1      | 622 ||| READING scroll labelled DUOZEA KYSSEO.
   622 | D:1      | 622 ||| BRANDING +0 shortbow.
   623 | D:1      | 623 ||| READING scroll labelled POKUDOENEID.
   624 | D:1      | 624 ||| READING scroll labelled DIRELL KUIN.
   624 | D:1      | 624 ||| IDENTIFYING sapphire potion
   625 | D:1      | 625 ||| DRINKING 2 glowing purple potions.
   626 | D:1      | 626 ||| DROPPING scroll of butterflies.
   627 | D:1      | 627 ||| DROPPING potion of brilliance.
   754 | D:2      | Reached XP level 3. HP: 18/18 MP: 4/4
   851 | D:2      | Found Ceezxal Jome's Antique Armour Shoppe.
   865 | D:2      | Noticed Natasha
   866 | D:2      | Killed Natasha
   867 | D:2      | Reached skill level 5 in Ranged Weapons
   940 | D:2      | Reached XP level 4. HP: 19/22 MP: 5/5
  1026 | D:2      | You fall into a shaft and drop 2 floors!
  1079 | D:4      | Noticed Menkaure
  1084 | D:4      | 1084 ||| RETREEEEATING.
  1088 | D:4      | Killed Menkaure
  1089 | D:4      | Reached skill level 6 in Dodging
  1089 | D:4      | Reached XP level 5. HP: 25/25 MP: 6/6
  1282 | D:4      | Reached XP level 6. HP: 27/30 MP: 7/7
  1301 | D:4      | Reached skill level 6 in Ranged Weapons
  1322 | D:4      | Found a shimmering altar of Xom.
  1348 | D:4      | 1348 ||| READING scroll of identify.
  1348 | D:4      | 1348 ||| IDENTIFYING glowing amethyst potion
  1349 | D:4      | 1349 ||| READING scroll labelled DUJIPU FIY.
  1349 | D:4      | 1349 ||| ENCHANTING +0 shortbow of draining.
  1350 | D:4      | 1350 ||| READING scroll labelled JEUGUPH QIEFO.
  1451 | D:4      | 1451 ||| READING scroll labelled POLUXZ OSTREAX.
  1452 | D:4      | 1452 ||| DRINKING 3 viscous cyan potions.
  1501 | D:4      | 1501 ||| DRINKING 2 bubbling silvery potions.
  1502 | D:4      | 1502 ||| DROPPING potion of attraction.
  1503 | D:4      | 1503 ||| DROPPING 2 potions of lignification.
  1512 | D:3      | 1512 ||| PLANNING SEWER
  1703 | D:3      | Found a broken altar of Ashenzari.
  1710 | D:3      | Found a sacrificial altar of Ru.
  1802 | D:3      | Identified the +2 robe of Atutung {rElec rF- rN++ Str+2}
  1930 | D:3      | Found an ornate altar of the Wu Jian Council.
  1974 | D:3      | Reached XP level 7. HP: 35/35 MP: 8/8
  1993 | D:3      | Found a glowing drain.
  1994 | D:3      | 1994 ||| UPGRADING to +2 robe of Atutung {rElec rF- rN++
                  | Str+2}.
  2004 | D:3      | 2004 ||| READING 2 scrolls of identify.
  2004 | D:3      | 2004 ||| IDENTIFYING cyan potion
  2005 | D:3      | 2005 ||| READING scroll of identify.
  2005 | D:3      | 2005 ||| IDENTIFYING red potion
  2006 | D:3      | 2006 ||| READING scroll labelled EHONAU LYUSHRU.
  2007 | D:3      | 2007 ||| READING 2 scrolls labelled KILIX OFAYD.
  2011 | D:3      | 2011 ||| DRINKING 2 viscous brown potions.
  2043 | Sewer    | Entered a sewer
  2110 | Sewer    | Reached skill level 7 in Ranged Weapons
  2341 | Sewer    | Identified the amulet "Logeil" {Spirit rElec rF+ Stlth+}
  2343 | Sewer    | 2343 ||| UPGRADING to amulet "Logeil" {Spirit rElec rF+
                  | Stlth+}.
  2361 | D:3      | 2361 ||| PLANNING D:1-11
  2593 | D:2      | Noticed Natasha
  2597 | D:2      | Killed Natasha
  2701 | D:2      | Noticed Natasha
  2703 | D:2      | Killed Natasha
  2949 | D:2      | Found a runed translucent door.
  2950 | D:2      | Noticed Crazy Yiuf
  2953 | D:2      | 2953 ||| READING scroll of identify.
  2953 | D:2      | 2953 ||| IDENTIFYING scroll labelled JOEGRARHIEDA
  2954 | D:2      | 2954 ||| DROPPING scroll of torment.
  3315 | D:3      | 3315 ||| UPGRADING to +4 ring of protection.
  3395 | D:4      | 3395 ||| PLANNING TEMPLE
  3432 | D:4      | Reached skill level 8 in Ranged Weapons
  3448 | D:4      | Found a staircase to the Ecumenical Temple.
  3460 | D:4      | HP: 5/35 [burnt (4)]
  3462 | D:4      | HP: 2/35 [burnt (1)]
  3463 | D:4      | Incinerated by a bombardier beetle

Levels and vault maps discovered:
D:1:      dpeg_arrival_boxorama, layout_basic,
          hellmonk_ecumenical_altar_run_dry, serial_shops, shop
D:2:      layout_loops_corners, serial_shops, shop, uniq_natasha,
          uniq_crazy_yiuf_cottage
D:3:      minmay_inner_zag, layout_basic, nzn_wu_jian_contemplation,
          mainiacjoe_overflow_catwalk_spiral,
          mainiacjoe_sewer_entry_somewhere_in_here_2, serial_bayou_lake_a
D:4:      cheibrodos_pilgrimage, layout_loops_ring, led_xom_imps,
          minmay_temple_entry_offerings, uniq_menkaure

Skill      XL: |  1  2  3  4  5  6  7 |
---------------+----------------------+-----
Dodging        | 3 4 6 7 |  7.0
Ranged Weapons | 5 6 8 |  8.0
Fighting       | 2 |  2.4
Stealth        | |  1.5

Action                     |  1- 3 |  4- 6 |  7- 9 || total
---------------------------+-------+-------+-------++-------
   Fire: Shortbow          |    73 |   109 |   135 ||   317
    Use: Scroll            |     4 |     4 |     5 ||    13
         Potion            |     1 |     2 |     1 ||     4
 Armour: Robe              |     4 |     6 |    12 ||    22
  Dodge: Dodged            |    14 |    36 |    31 ||    81

Table legend:
 A = Non-vault XP
 B = Vault XP
 C = Vault XP percentage of total XP
 D = Non-vault monster count
 E = Vault monster count
 F = Vault count percentage of total count
                 A         B        C        D         E       F
            +---------+---------+-------+---------+---------+-------
      Total |     414 |     829 |  66.7 |      76 |      79 |  51.0
            +---------+---------+-------+---------+---------+-------
        D:1 |      27 |       0 |   0.0 |      16 |       0 |   0.0
        D:2 |     136 |      35 |  20.5 |      23 |       1 |   4.2
        D:3 |      43 |      47 |  52.2 |      21 |      14 |  40.0
        D:4 |     208 |     424 |  67.1 |      16 |      10 |  38.5
      Sewer |       0 |     323 | 100.0 |       0 |      54 | 100.0
            +---------+---------+-------+---------+---------+-------
